 Dungeon Crawl Stone Soup version 0.20.1-1-g8b1a95d (webtiles) character file.

98 Comradeskeleton the Skirmisher (level 4, -5/39 HPs)
             Began as a Demonspawn Wanderer on July 18, 2017.
             Slain by a gnoll
             ... wielding a +0 halberd
              (14 damage)
             ... on level 3 of the Dungeon.
             The game lasted 00:07:50 (2676 turns).

Comradeskeleton the Skirmisher (DsWn)               Turns: 2676, Time: 00:07:51

Health: -5/39      AC:  7    Str: 11    XL:     4   Next: 43%
Magic:  4/4        EV:  9    Int: 14    God:
Gold:   124        SH:  0    Dex: 14    Spells: 3/3 levels left

rFire    . . .     SeeInvis .   a - +2 mace
rCold    . . .     Gourm    .   (no shield)
rNeg     . . .     Faith    .   s - +0 scale mail
rPois    .         Spirit   .   p - +0 helmet
rElec    .         Reflect  .   (no cloak)
rCorr    .         Harm     .   (no gloves)
MR       .....                  (no boots)
Stlth    ..........             (no amulet)
Regen    0.2/turn               (no ring)
MPRegen  0.1/turn               (no ring)

@: no status effects
A: powered by pain 1
a: no special abilities


You were on level 3 of the Dungeon.
You were hungry.

You visited 1 branch of the dungeon, and saw 3 of its levels.

You collected 124 gold pieces.

Inventory:

Hand Weapons
 a - a +2 mace (weapon)
Missiles
 i - a tomahawk (quivered)
 m - 23 stones
Armour
 p - a +0 helmet (worn)
 s - a +0 scale mail (worn)
Jewellery
 g - an uncursed ring of protection from fire {unknown}
Scrolls
 b - 2 scrolls of teleportation
 d - a scroll of enchant armour {unknown}
 h - 2 scrolls of enchant weapon {unknown}
 k - a scroll of amnesia {unknown}
 l - a scroll of blinking {unknown}
 n - 2 scrolls of identify {unknown}
 r - a scroll of noise {unknown}
 u - a scroll of fog {unknown}
Potions
 e - a potion of degeneration {unknown}
 o - a potion of heal wounds {unknown}
Comestibles
 f - 3 bread rations
 j - 3 fruits
 q - 2 royal jellies


   Skills:
 + Level 5.4 Fighting
 * Level 2.5 Maces & Flails
 * Level 1.2 Throwing
 * Level 2.0 Armour
 * Level 1.5 Dodging
 + Level 1.0 Stealth


You had 3 spell levels left.
You didn't know any spells.

Dungeon Overview and Level Annotations

Branches:
Dungeon (3/15)

Altars:
Ashenzari
Dithmenos
Fedhas


Innate Abilities, Weirdness & Mutations

You sometimes gain a little power by taking damage.


Message History

The gnoll hits you with a spear!
The gnoll hits you from afar with a halberd!
The gnoll hits you.
* * * LOW HITPOINT WARNING * * *
The gnoll hits you but does no damage.
You closely miss the gnoll.
The gnoll is lightly wounded.
The gnoll hits you but does no damage. The gnoll barely misses you.
The gnoll hits you but does no damage.
You closely miss the gnoll.
The gnoll is lightly wounded.
The gnoll hits you but does no damage. The gnoll barely misses you.
The gnoll hits you with a spear.
* * * LOW HITPOINT WARNING * * *
The gnoll hits you.
* * * LOW HITPOINT WARNING * * *
You thump the gnoll!
The gnoll is severely wounded.
The gnoll hits you from afar with a halberd!
You die...

.#.........#.#...
.#.................
.#...........#####.
...##.###.#..#
#..##.# #.#..#
#..##.# #.#..##### #
#..##.# #.#... ..#.#
...##.# #.#.(###g#.#
....#.# #.#.(ggg@..#
....#.###.######.#.#
.........).........#
..##..###.######.###
..........# #...
[.##..##### #.###
#####># ### # #.#
#####'######


You could see 4 gnolls.

Vanquished Creatures
  5 adders
  3 worms
  An orc (D:3)
  7 bats
  6 giant cockroaches
  2 hobgoblins (D:2)
  3 quokkas (D:2)
  4 frilled lizards
  6 goblins (D:2)
  4 kobolds
  5 rats
46 creatures vanquished.

Notes
Turn   | Place    | Note
-------+----------+-------------------------------------------
     0 | D:1      | Comradeskeleton the Demonspawn Wanderer began the quest for the Orb.
     0 | D:1      | Comradeskeleton set off with: a +2 mace, a scroll of teleportation, a potion of curing, a +0 robe, a bread ration
     0 | D:1      | Reached XP level 1. HP: 21/21 MP: 1/1
   206 | D:1      | You fall through a shaft!
   252 | D:2      | Gained mutation: You sometimes gain a little power by taking damage. [demonic ancestry]
   252 | D:2      | Reached XP level 2. HP: 26/27 MP: 2/2
   648 | D:2      | Reached XP level 3. HP: 23/33 MP: 3/3
   658 | D:2      | HP: 1/33 [worm (10)]
  1049 | D:2      | Reached skill level 1 in Dodging
  1262 | D:2      | Found a shadowy altar of Dithmenos.
  1301 | D:2      | Found a blossoming altar of Fedhas.
  1758 | D:2      | Reached XP level 4. HP: 38/39 MP: 4/4
  2083 | D:3      | Found a shattered altar of Ashenzari.
  2676 | D:3      | Slain by a gnoll

Skill      XL: |  1  2  3  4 |
---------------+-------------+-----
Maces & Flails | 2 |  2.5
Dodging        | 1 |  1.5
Armour         | 2 |  2.0
Fighting       | |  5.4
Throwing       | |  1.2
Stealth        | |  1.0

Action                   |  1- 3 |  4- 6 || total
-------------------------+-------+-------++-------
Melee: Mace              |    93 |    44 ||   137
Throw: Tomahawk          |    14 |     7 ||    21
  Use: Potion            |       |     1 ||     1
  Eat: Chunk             |     3 |     2 ||     5
Armor: Leather armour    |    39 |     2 ||    41
       Scale mail        |       |    22 ||    22
Dodge: Dodged            |    78 |    33 ||   111
